 Dungeon Crawl Stone Soup version 0.28-a0-1510-gd0f6b136d3 (webtiles) character file.

Game seed: 888064830996194748

7376 shadowrider38 the Fighter (level 10, -5/89 HPs)
             Began as a Demonspawn Gladiator on Jan 14, 2022.
             Was an Initiate of Gozag.
             Succumbed to an orc warrior's poison
             ... on level 6 of the Dungeon.
             The game lasted 00:24:25 (11245 turns).

shadowrider38 the Fighter (Demonspawn Gladiator)   Turns: 11245, Time: 00:24:28

Health: -5/89      AC: 16    Str: 22    XL:     10   Next: 92%
Magic:  10/10      EV:  8    Int:  9    God:    Gozag
Gold:   1193       SH:  0    Dex: 15    Spells: 9/9 levels left

rFire   . . .      SeeInvis .   a - +4 broad axe (elec)
rCold   . . .      Faith    .   (no shield)
rNeg    . . .      Spirit   .   R - +0 plate armour
rPois   .          Reflect  .   f - +2 hat
rElec   .          Harm     .   (no cloak)
rCorr   .          Rampage  .   n - +0 pair of gloves
Will    +....                   K - +0 pair of boots
Stlth   ..........              J - amulet of regeneration
HPRegen 1.04/turn               L - ring of ice
MPRegen 0.24/turn               B - ring "Feitru" {Fire Will+ Str+3}

@: lethally poisoned (-5 -> -16)
A: antennae 1, claws 2, ignite blood 1, magic regeneration, weakness stinger 2
a: Renounce Religion, Potion Petition, Call Merchant, Bribe Branch


You were on level 6 of the Dungeon.
You worshipped Gozag.
Gozag was most pleased with you.
You visited 1 branch of the dungeon, and saw 10 of its levels.
You also visited: Ossuary and Bailey.

You collected 1603 gold pieces.
You paid 410 gold pieces to Gozag.

Inventory:

Hand Weapons
 a - a +4 broad axe of electrocution (weapon)
 N - a +1 trident of venom
Missiles
 d - 4 throwing nets (quivered)
 g - 9 boomerangs
 h - 223 stones
 l - 3 curare-tipped darts
 A - 2 boomerangs of dispersal
 E - 17 poisoned darts
 F - 5 javelins
Armour
 f - a +2 hat (worn)
 n - a +0 pair of gloves (worn)
 K - a +0 pair of boots (worn)
 R - a +0 plate armour (worn)
Jewellery
 m - a ring of fire
 x - a ring of positive energy
 z - a ring of positive energy
 B - the ring "Feitru" (right hand) {Fire Will+ Str+3}
   (You found it on level 9 of the Dungeon)

   [ring of fire]

   It enhances your fire magic.
   Str:       It affects your strength (+3).
   rF:        It protects you from fire.
   rC:        It makes you vulnerable to cold.
   Will:      It increases your willpower.
 J - an amulet of regeneration (around neck)
 L - a ring of ice (left hand)
Wands
 t - a wand of mindburst (8)
 I - a wand of iceblast (8)
Scrolls
 b - a scroll of teleportation
 e - 3 scrolls of blinking
 i - a scroll of fear
 k - 2 scrolls of enchant weapon
 r - 2 scrolls of holy word
 s - a scroll of brand weapon
 u - a scroll of amnesia {unknown}
 v - a scroll of fog
 y - a scroll of vulnerability {unknown}
 H - a scroll of acquirement {unknown}
 P - a scroll of summoning {unknown}
 Q - a scroll of magic mapping {unknown}
 S - a scroll of enchant armour {unknown}
Potions
 c - a potion of lignification
 j - 3 potions of mutation
 o - 6 potions of curing
 p - 4 potions of flight {unknown}
 q - 2 potions of haste
 w - 4 potions of heal wounds {unknown}
 C - a potion of ambrosia
 D - a potion of brilliance {unknown}
 G - a potion of might {unknown}
 M - a potion of attraction {unknown}
 O - a potion of invisibility {unknown}


   Skills:
 - Level 12.0 Fighting
 - Level 8.0 Polearms
 - Level 1.7 Throwing
 + Level 4.5 Armour
 - Level 5.0 Dodging
 - Level 2.0 Stealth
 - Level 5.0 Evocations


You had 9 spell levels left.
You didn't know any spells.
Your spell library contained the following spells:

 Spells                   Type           Power      Damage    Failure   Level
 Sublimation of Blood     Necr           0%         N/A       100%        2
 Call Canine Familiar     Summ           0%         N/A       100%        3
 Dazzling Flash           Conj/Hex       0%         N/A       100%        3
 Portal Projectile        Hex/Tloc       0%         N/A       100%        3
 Leda's Liquefaction      Hex/Erth       0%         N/A       100%        4
 Petrify                  Tmut/Erth      0%         N/A       100%        4
 Agony                    Necr           0%         N/A       100%        5
 Irradiate                Conj/Tmut      0%         3d14      100%        5
 Silence                  Hex/Air        0%         N/A       100%        5


Dungeon Overview and Level Annotations

Branches:
Dungeon (10/15)           Ossuary (visited)          Bailey (visited)
 Temple: D:4-7         Lair: D:8-11         Orc: D:9-12

Altars:
Ashenzari
Fedhas
Gozag
Hepliaklqana
Nemelex Xobeh
Qazlal
Sif Muna
Uskayaw
Vehumet
Xom
The Shining One

Shops:
D:4 *   D:6 [


Innate Abilities, Weirdness & Mutations

You have a pair of small antennae on your head.
You have very sharp fingernails.
Your demonic aura sometimes causes spilled blood to erupt in flames.
You regenerate magic rapidly.
You have a tail ending in a sharp stinger.


Message History

You feel sick.
You feel sick.
You feel sick.
You feel sick.
The orc warrior shouts!
You hear a shout! x2
You feel sick.
You feel sick.
You are no longer poisoned.
You see here a +0 short sword.
Things that are here:
a +0 scale mail; a +0 dagger
There is a stone staircase leading up, spattered with blood here.
You climb upwards.
There is a stone staircase leading down here.
You start resting.
HP restored.
You climb downwards.
The komodo dragon bites you. The komodo dragon bites you!
There is a stone staircase leading up, spattered with blood here.
You hit the komodo dragon.
You tail-slap the komodo dragon, but do no damage.
The komodo dragon is lightly wounded.
The komodo dragon completely misses you.
The orc warrior hits you from afar with a +1 trident of venom!
You hit the komodo dragon but do no damage.
You tail-slap the komodo dragon.
The komodo dragon is lightly wounded.
The komodo dragon bites you!!
The orc warrior hits you but does no damage.
You closely miss the komodo dragon. You tail-slap the komodo dragon.
The komodo dragon is lightly wounded.
The komodo dragon bites you! The orc warrior barely misses you.
The komodo dragon bites you.
The orc warrior hits you from afar with a +1 trident of venom!
* * * LOW HITPOINT WARNING * * *
You are poisoned.
The komodo dragon bites you!!
* * * LOW HITPOINT WARNING * * *
You climb upwards.
You die...
Your body crumbles into a pile of gold.

#.............>......
#.#####.....######... #.#
#.##### #.## ##.## #.# ######.##
#####...####.# #......##
#.........##.# #.#######
#.###...#.##.# #.# #... #.#
##.##[##.#####)# #.##
###.####.#.@.........# #.#
#.....##.#l.#..####### ##.#
######.###.##.#..#.##########..#
#......# #..#.#..#.###.......#.#
#.####.###..#.#..#>........##..#
#.# #........#).#.###.##..##..#
#.# ###.#..###..#.# #.#.#.##..#
#.# #..........#.###..##[.#..#
#.# #..#..####.#.........#...#


You could see a komodo dragon.

Vanquished Creatures
  2 vault guards (Bailey)
  Prince Ribbit (Bailey)
  13 yaks
  A steam dragon (D:9)
  4 humans (Bailey)
  An acid dragon (D:9)
  2 water moccasins
  An ice beast (D:6)
  3 orc warriors
  A sky beast (D:6)
  2 necrophages
  3 ogres
  2 centaurs (D:9)
  A kobold brigand (D:9)
  13 bullfrogs
  An elf zombie (Ossuary)
  A scorpion (D:6)
  A water moccasin zombie (D:5)
  3 killer bees (D:9)
  A howler monkey (D:7)
  3 centaur zombies
  A bullfrog zombie (D:6)
  A jelly (D:6)
  A hound (D:5)
  4 orc priests
  2 bullfrog skeletons
  3 iguanas
  3 orc wizards
  2 mummies (Ossuary)
  A gnoll (Bailey)
  5 adders
  2 shadow imps
  2 white imps
  2 ufetubi
  3 adder zombies (Ossuary)
  3 worms
  A dart slug (D:1)
  22 orcs
  5 endoplasms
  2 giant cockroaches
  7 goblins
  14 hobgoblins
  4 jackals (D:1)
  5 quokkas
  3 ball pythons
  6 bats
  9 frilled lizards
  A goblin zombie (Ossuary)
  11 hobgoblin zombies (Ossuary)
  3 jackal zombies (Ossuary)
  7 kobolds
  8 kobold zombies (Ossuary)
  8 orc zombies (Ossuary)
  4 rats
  A rat zombie (Ossuary)
216 creatures vanquished.

Vanquished Creatures (others)
  A sky beast (D:8)
  8 plants (D:7)
9 creatures vanquished.

Grand Total: 225 creatures vanquished

Notes
Turn   | Place    | Note
-------+----------+-------------------------------------------
     0 | D:1      | shadowrider38 the Demonspawn Gladiator began the quest for
                  | the Orb.
     0 | D:1      | Reached XP level 1. HP: 16/16 MP: 1/1
    74 | D:1      | Found a faded altar of an unknown god.
   191 | D:1      | Reached skill level 1 in Stealth
   602 | D:1      | Gained mutation: Your demonic aura sometimes causes spilled
                  | blood to erupt in flames. [demonic ancestry]
   602 | D:1      | Reached XP level 2. HP: 19/22 MP: 2/2
  1380 | D:2      | Found a stormy altar of Qazlal.
  1543 | D:2      | Gained mutation: You regenerate magic rapidly. [demonic
                  | ancestry]
  1543 | D:2      | Reached XP level 3. HP: 22/28 MP: 3/3
  1849 | D:2      | Reached skill level 3 in Fighting
  2526 | D:3      | Reached XP level 4. HP: 32/37 MP: 4/4
  2756 | D:3      | Reached skill level 4 in Fighting
  2819 | D:3      | Found a shimmering blue altar of Sif Muna.
  2820 | D:3      | Found an opulent altar of Gozag.
  2912 | D:3      | Found a sparkling altar of Nemelex Xobeh.
  3049 | D:3      | Became a worshipper of Gozag Ym Sagoz the Greedy
  3105 | D:4      | Found a sand-covered staircase.
  3110 | Ossuary  | Entered an ossuary
  3553 | Ossuary  | Reached XP level 5. HP: 37/43 MP: 5/5
  3793 | Ossuary  | Reached skill level 5 in Fighting
  4027 | D:4      | Noticed an ogre
  4089 | D:5      | Entered Level 5 of the Dungeon
  4157 | D:5      | Discovered your monstrous ancestry.
  4157 | D:5      | Gained mutation: You have a small tail. [demonic ancestry]
  4157 | D:5      | Reached XP level 6. HP: 28/52 MP: 6/6
  4480 | D:4      | Reached skill level 6 in Fighting
  4693 | D:4      | Found Mufufosh's Assorted Antiques.
  5060 | D:5      | Found a broken altar of Ashenzari.
  5232 | D:5      | Reached skill level 1 in Evocations
  5410 | D:5      | Noticed a water moccasin
  5423 | D:5      | Killed a water moccasin
  5424 | D:5      | Gained mutation: You have sharp fingernails. [demonic
                  | ancestry]
  5424 | D:5      | Reached XP level 7. HP: 35/58 MP: 7/7
  6217 | D:4      | Reached skill level 5 in Evocations
  6580 | D:6      | Gained mutation: You have a pair of small antennae on your
                  | head. [demonic ancestry]
  6580 | D:6      | Reached XP level 8. HP: 33/65 MP: 8/8
  6838 | D:6      | Reached skill level 7 in Fighting
  6887 | D:6      | Found Mirchit's Armour Emporium.
  7127 | D:6      | Reached skill level 8 in Fighting
  7221 | D:6      | Reached skill level 5 in Polearms
  8344 | D:7      | You fall into a shaft and drop 2 floors!
  8350 | D:10     | Entered Level 10 of the Dungeon
  8477 | D:9      | Gained mutation: You have very sharp fingernails. [demonic
                  | ancestry]
  8477 | D:9      | Reached XP level 9. HP: 23/75 MP: 9/9
  8523 | D:9      | Reached skill level 9 in Fighting
  8871 | D:9      | Reached skill level 10 in Fighting
  9292 | D:9      | Identified the ring "Feitru" {Fire Will+ Str+3}
  9957 | D:8      | Noticed a +0 short sword
  9957 | D:8      | Noticed a +0 spear
  9958 | D:8      | Noticed a +0 spear
  9958 | D:8      | Noticed a +0 short sword
  9958 | D:8      | Noticed a +0 dagger
  9958 | D:8      | Noticed a +0 dagger
  9959 | D:8      | Noticed a +0 falchion
  9959 | D:8      | Noticed a +0 falchion
  9960 | D:8      | Found a hide-covered altar of Uskayaw.
  9982 | D:8      | Found a shimmering altar of Xom.
 10004 | D:8      | Found a blossoming altar of Fedhas.
 10007 | D:8      | Found a hazy altar of Hepliaklqana.
 10030 | D:8      | Gained mutation: You have a tail ending in a sharp stinger.
                  | [demonic ancestry]
 10030 | D:8      | Reached XP level 10. HP: 73/86 MP: 10/10
 10072 | D:8      | Reached skill level 11 in Fighting
 10157 | D:8      | Found a flagged portal.
 10172 | Bailey   | Entered a bailey
 10383 | Bailey   | Noticed Prince Ribbit
 10383 | Bailey   | Noticed a vault guard
 10411 | Bailey   | Killed Prince Ribbit
 10425 | Bailey   | Killed a vault guard
 10426 | Bailey   | Reached skill level 12 in Fighting
 10468 | Bailey   | Reached skill level 5 in Dodging
 10468 | Bailey   | Reached skill level 1 in Armour
 10555 | Bailey   | Noticed a vault guard
 10580 | Bailey   | Killed a vault guard
 11143 | D:7      | Found a radiant altar of Vehumet.
 11150 | D:7      | HP: 4/89 [poisoned by an orc warrior]
 11155 | D:7      | HP: 3/89 [poisoned by an orc warrior]
 11244 | D:7      | HP: 1/89 [komodo dragon (18)]
 11245 | D:6      | Succumbed to an orc warrior's poison

Illustrated notes

Levels and vault maps discovered:
D:1:      dpeg_arrival_boxes_within_box, layout_loops_ring,
          hellmonk_ecumenical_altar_arch_garden
D:2:      minmay_recursive_quarters, layout_loops_ring, basic_altar
D:3:      layout_rooms, nemelex_dance_club_becter,
          mainiacjoe_overflow_tiny_flanked, grunt_gozag_statues
D:4:      layout_cave_pools, enter_ossuary_2, serial_shops,
          nicolae_shop_waterfront
D:5:      layout_loops_corners, kennysheep_mini,
          hangedman_abyss_or_decor_lesser_grid
D:6:      layout_loops_ring, amcnicky_altar_gilded, serial_shops,
          kennysheep_mini_moat, nicolae_lava_and_water
D:7:      layout_rooms, nicolae_vehumet_radiance, minmay_temple_entry_glass,
          minmay_lizard_king
D:8:      layout_basic, nicolae_uskayaw_en_pointe,
          chequers_temple_overflow_statue_of_worship,
          mainiacjoe_overflow_brackets, enter_bailey_8, minmay_statues_item
D:9:      layout_loops_cross
D:10:     layout_loops_ring

Skill      XL: |  1  2  3  4  5  6  7  8  9 10 |
---------------+-------------------------------+-----
Stealth        | 1 2 |  2.0
Fighting       | 3 4 5 6 8 10 12 | 12.0
Polearms       | 3 4 6 8 |  8.0
Dodging        | 3 5 |  5.0
Evocations     | 2 5 |  5.0
Armour         | 4 |  4.5
Throwing       | |  1.7

Action                   |  1- 3 |  4- 6 |  7- 9 | 10-12 || total
-------------------------+-------+-------+-------+-------++-------
Melee: Trident           |   184 |   249 |   298 |    82 ||   813
       Punch             |     2 |     2 |    10 |     2 ||    16
       Tailslap          |       |     7 |    45 |    16 ||    68
       Broad axe         |       |       |       |    65 ||    65
Throw: Boomerang         |       |     2 |       |       ||     2
       Javelin           |       |       |       |     3 ||     3
       Throwing net      |       |       |       |     3 ||     3
       Dart              |       |       |       |     2 ||     2
Invok: Potion Petition   |       |       |     1 |       ||     1
  Use: Scroll            |     4 |     5 |     6 |     1 ||    16
       Potion            |       |     1 |       |     1 ||     2
 Stab: Sleeping          |     4 |       |       |       ||     4
       Distracted        |       |       |     2 |     2 ||     4
       Held in net/web   |       |       |       |     2 ||     2
Armor: Leather armour    |    25 |       |       |       ||    25
       Scale mail        |    13 |    81 |   113 |    32 ||   239
       Plate armour      |       |       |       |    27 ||    27
Dodge: Dodged            |    63 |    96 |    90 |    53 ||   302

Table legend: (Time is in decaauts)
 A = Elapsed time spent in this place.
 B = Non-inter-level travel time spent in this place.
 C = Inter-level travel time spent in this place.
 D = Time resting spent in this place.
 E = Time spent auto-exploring this place.
 F = Levels seen in this place.
 G = Mean time per level.
                   A        B        C        D        E       F      G
               +--------+--------+--------+--------+--------+-----+--------+
         Total |  11339 |  10603 |    736 |   3607 |   4369 |  12 |  944.9 |
       Dungeon |   9958 |   9222 |    736 |   3024 |   4095 |  10 |  995.8 |
       Ossuary |    920 |    920 |      0 |    464 |    181 |   1 |  920.0 |
        Bailey |    460 |    460 |      0 |    119 |     93 |   1 |  460.0 |
               +--------+--------+--------+--------+--------+-----+--------+

Top non-repeatable levels by time:
     D:6: 1717 daAuts
     D:9: 1605 daAuts
     D:5: 1465 daAuts
     D:2: 1254 daAuts
     D:1: 1203 daAuts
 Ossuary: 920 daAuts
     D:3: 909 daAuts
     D:4: 865 daAuts
     D:8: 587 daAuts
  Bailey: 460 daAuts
     D:7: 344 daAuts
    D:10: 4 daAuts
